 Dungeon Crawl Stone Soup version 0.16.2-2-g470672f (webtiles) character file.

2885 dvd the Covert (level 9, -6/42 HPs)
             Began as a Spriggan Enchanter on Aug 29, 2015.
             Was a Follower of Nemelex Xobeh.
             Mangled by Gastronok the titan (10 damage)
             ... on level 8 of the Dungeon.
             The game lasted 01:23:56 (10582 turns).

dvd the Covert (Spriggan Enchanter)                Turns: 10582, Time: 01:23:57

Health: -6/42      AC:  8    Str:  4    XL:     9   Next: 48%
Magic:  0/28       EV: 21    Int: 19    God:    Nemelex Xobeh [*.....]
Gold:   317        SH:  0    Dex: 17    Spells: 4 memorised, 14 levels left

rFire  . . .     SeeInvis +     p - +2 dagger (holy)
rCold  . . .     Clarity  .     b - +2 robe
rNeg   + . .     SustAb   .     (shield restricted)
rPois  .         Gourm    .     x - +1 hat
rElec  .         Spirit   +     (no cloak)
rCorr  .         Warding  .     (gloves unavailable)
rMut   .         Stasis   .     (boots unavailable)
MR     +....                    N - amulet of guardian spirit
Stlth  ++++++....               C - +3 ring of protection (curse)
                                u - ring of positive energy (curse)

@: hasted, very quick, somewhat resistant to hostile enchantments, very stealthy
A: unfitting armour, see invisible, herbivore 3, speed 3, slow metabolism 2
a: Renounce Religion


You were on level 8 of the Dungeon.
You worshipped Nemelex Xobeh.
Nemelex Xobeh was aware of your devotion.
You were not hungry.

You visited 2 branches of the dungeon, and saw 9 of its levels.

You collected 317 gold pieces.

Inventory:

Hand weapons
 a - a +1 dagger
 d - a +0 blowgun
 f - a +0 short sword
 k - a +0 dagger
 m - a +0 dagger
 o - a +0 short sword
 p - a +2 dagger of holy wrath (weapon)
 r - a +0 dagger
 I - a +2 short sword
 K - a +2 long sword
Missiles
 i - 43 poisoned needles
 q - 8 needles of paralysis
 D - a throwing net
 E - 8 tomahawks (quivered)
Armour
 b - a +2 robe (worn)
 x - a +1 hat (worn)
 L - a +0 robe
Jewellery
 u - a cursed ring of positive energy (left hand)
 C - a cursed +3 ring of protection (right hand)
 F - an uncursed amulet of faith
 M - an uncursed amulet of stasis
 N - an amulet of guardian spirit (around neck)
Magical devices
 j - a wand of draining (2)
 v - a wand of flame (35)
Scrolls
 e - 2 scrolls of identify
 s - a scroll of teleportation
 t - 2 scrolls of amnesia
 w - a scroll of enchant armour
 y - a scroll of fear
 A - a scroll of blinking
 G - a scroll of fog
Potions
 g - 2 potions of agility
 h - a potion of haste
 l - a potion of might
 J - a potion of brilliance
Books
 c - a book of Maledictions

   Spells                             Type                      Level
   a - Corona                         Hexes                        1
   b - Sure Blade                     Hexes/Charms                 2
   c - Ensorcelled Hibernation        Hexes/Ice                    2
   d - Confuse                        Hexes                        3
   e - Dazzling Spray                 Conjuration/Hexes            3
   f - Enslavement                    Hexes                        4
Miscellaneous
 z - a plain deck of destruction {drawn: 2}
Comestibles
 B - 4 bread rations
 H - 2 fruits


   Skills:
 + Level 1.6 Fighting
 + Level 3.1 Short Blades
 + Level 5.7 Dodging
 + Level 11.9 Stealth
 + Level 8.1 Spellcasting
 + Level 0.2 Conjurations
 + Level 7.4 Hexes
 + Level 1.9 Charms
 + Level 3.3 Ice Magic
 + Level 1.5 Evocations


You had 14 spell levels left.
You knew the following spells:

 Your Spells              Type           Power        Failure   Level  Hunger
a - Confuse               Hex            #####...     1%          3    None
b - Ensorcelled Hibernat  Hex/Ice        ####..       1%          2    None
c - Sure Blade            Hex/Chrm       ####......   1%          2    None
d - Dazzling Spray        Conj/Hex       ###.....     8%          3    None


Dungeon Overview and Level Annotations

Branches:
Dungeon (8/15)             Temple (1/1) D:5
   Lair: D:8-11

Altars:
Ashenzari
Cheibriados
Dithmenos
Elyvilon
Fedhas
Gozag
Kikubaaqudgha
Makhleb
Nemelex Xobeh
Okawaru
Qazlal
Ru
Sif Muna
Trog
Vehumet
Xom
Yredelemnul
Zin
The Shining One

Shops:
D:7 :

Annotations:
D:8 Gastronok


Innate Abilities, Weirdness & Mutations

You are tiny and cannot use many weapons and most armour.
You have supernaturally acute eyesight.
You are a herbivore.
You cover ground extremely quickly.
You need consume almost no food.


Message History

Press: ? - help, Shift-Dir - straight line, f - Gastronok
Aim: Gastronok the titan (misshapen and mutated, chance 0%) Gastronok resists with almost no effort.
Gastronok hits you but does no damage.
You hit Gastronok but do no damage. Gastronok completely misses you.
You hit Gastronok but do no damage.
Gastronok gestures wildly while chanting.
Gastronok seems to move somewhat quicker.
You hit Gastronok but do no damage. Gastronok hits you!
You are a level 9 Spriggan Enchanter.
You are 48% of the way to level 10.
Play time: 01:23:39 (10581 turns) Evoke which item? (* to show all) (? for menu, Esc to quit)
You draw a card...
It is the Storm.
A tornado forms.
Gastronok hits you!!
* * * LOW HITPOINT WARNING * * *
Unknown command.
Drink which item? (? for menu, Esc to quit)
You feel yourself speed up.
Your air elemental hits Gastronok!
Your air elemental hits Gastronok.
Gastronok hits you!
You die...
Your body glows slightly and disappears.

#........## ##........##
#.........## #..........#
##.......... #..........
..####### #..........
#.....#########.........
#.....#@#.....#.........
#....§EC##...............
..§§a§§..####...........
..§§§§§..# ##..#.....##
####v§§### ##########
####


You could see Gastronok the titan, a worker ant and a friendly air elemental.

Vanquished Creatures
  A spriggan (D:7)
  Menkaure (D:7)
  A water moccasin (D:6)
  3 ice beasts
  An orc warrior (D:7)
  A phantom (D:4)
  2 ogres
  2 centaurs
  A necrophage (D:7)
  Sigmund (D:7)
  A giant frog (D:6)
  2 scorpions
  5 wights (D:8)
  A goliath beetle (D:7)
  A giant frog zombie (D:5)
  4 hounds
  3 iguanas (D:4)
  3 orc priests
  2 crimson imps
  2 giant frog skeletons
  4 orc wizards
  9 worker ants
  2 worker ant zombies
  10 adders
  4 gnolls (D:6)
  2 giant mites
  A shadow imp (D:5)
  3 worms
  4 oozes
  24 orcs
  2 ball pythons
  2 bat skeletons
  3 giant cockroaches
  14 hobgoblins
  7 jackals
  7 quokkas
  11 bats
  5 giant geckos
  A giant gecko skeleton (D:6)
  A giant gecko zombie (D:6)
  5 giant newts
  17 goblins
  A jackal zombie (D:6)
  18 kobolds
  A quokka skeleton (D:6)
  2 quokka zombies
  13 rats
  10 ballistomycetes (D:6)
221 creatures vanquished.

Vanquished Creatures (collateral kills)
  A crimson imp (D:5)
  A worker ant (D:6)
  A mummy (D:6)
3 creatures vanquished.

Vanquished Creatures (others)
  A hobgoblin (D:6)
  2 giant spores (D:6)
3 creatures vanquished.

Grand Total: 227 creatures vanquished

Notes
Turn   | Place    | Note
--------------------------------------------------------------
     0 | D:1      | dvd, the Spriggan Enchanter, began the quest for the Orb.
     0 | D:1      | Reached XP level 1. HP: 9/9 MP: 4/4
   332 | D:1      | Reached XP level 2. HP: 13/13 MP: 5/7
   338 | D:1      | Learned a level 2 spell: Ensorcelled Hibernation
   341 | D:1      | Learned a level 2 spell: Sure Blade
  1072 | D:2      | Reached skill level 5 in Stealth
  1168 | D:2      | Reached XP level 3. HP: 16/16 MP: 11/11
  1928 | D:3      | Reached skill level 6 in Stealth
  1967 | D:3      | Reached XP level 4. HP: 21/21 MP: 10/13
  2080 | D:3      | Reached skill level 1 in Ice Magic
  2314 | D:3      | Found a bloodstained altar of Trog.
  2600 | D:3      | Learned a level 3 spell: Confuse
  3222 | D:4      | Noticed a phantom
  3230 | D:4      | Found a burning altar of Makhleb.
  3233 | D:4      | Reached XP level 5. HP: 24/24 MP: 14/17
  3402 | D:4      | Reached skill level 7 in Stealth
  3605 | D:4      | Reached XP level 6. HP: 24/28 MP: 11/20
  3699 | D:4      | Found a white marble altar of Elyvilon.
  4271 | D:4      | Killed a phantom
  4365 | D:4      | Reached skill level 8 in Stealth
  4365 | D:4      | Reached skill level 5 in Spellcasting
  4373 | D:4      | Learned a level 3 spell: Dazzling Spray
  4437 | D:5      | Entered Level 5 of the Dungeon
  4453 | D:5      | Reached XP level 7. HP: 30/32 MP: 15/22
  4660 | D:5      | Found a staircase to the Ecumenical Temple.
  4725 | Temple   | Entered the Ecumenical Temple
  4797 | Temple   | Became a worshipper of Nemelex Xobeh the Trickster
  4971 | D:5      | Received a gift from Nemelex Xobeh
  4999 | D:5      | Reached skill level 5 in Hexes
  6169 | D:6      | Found a shattered altar of Ashenzari.
  6174 | D:6      | Reached skill level 1 in Charms
  6174 | D:6      | Reached XP level 8. HP: 37/37 MP: 17/25
  6320 | D:6      | Reached skill level 9 in Stealth
  6390 | D:6      | Found an iron altar of Okawaru.
  6471 | D:6      | Reached skill level 1 in Fighting
  6558 | D:6      | Found an opulent altar of Gozag.
  6564 | D:6      | Received a gift from Nemelex Xobeh
  6676 | D:6      | Reached skill level 5 in Dodging
  7121 | D:6      | Found an ancient bone altar of Kikubaaqudgha.
  7740 | D:7      | Found a sparkling altar of Nemelex Xobeh.
  7894 | D:7      | Found Zocoegax's Book Shop.
  7935 | D:7      | Reached skill level 1 in Evocations
  8325 | D:7      | Noticed Menkaure
  8338 | D:7      | Killed Menkaure
  8338 | D:7      | Reached skill level 10 in Stealth
  8793 | D:7      | Noticed Sigmund
  8796 | D:7      | Killed Sigmund
  8935 | D:7      | Reached XP level 9. HP: 41/41 MP: 24/28
  8988 | D:7      | Received a gift from Nemelex Xobeh
  9194 | D:7      | Reached skill level 11 in Stealth
 10570 | D:8      | Noticed Gastronok
 10575 | D:8      | Noticed Gastronok
 10575 | D:8      | Gastronok changed into Gastronok the titan
 10582 | D:8      | Mangled by Gastronok the titan

Action                   |  1- 3 |  4- 6 |  7- 9 || total
-------------------------+-------+-------+-------++-------
Melee: Dagger            |    87 |   106 |   393 ||   586
Throw: Throwing net      |       |       |     1 ||     1
 Cast: Corona            |     9 |       |       ||     9
       Ensorcelled Hiber |    32 |    53 |   102 ||   187
       Sure Blade        |     2 |     6 |    28 ||    36
       Confuse           |       |     6 |    37 ||    43
       Dazzling Spray    |       |       |     3 ||     3
Evoke: Deck              |       |       |    19 ||    19
       Wand              |       |       |     3 ||     3
  Use: Scroll            |       |    11 |     7 ||    18
       Potion            |       |     6 |     4 ||    10
 Stab: Sleeping          |    36 |    42 |    81 ||   159
       Confused          |       |     3 |    10 ||    13
       Invisible         |       |       |     1 ||     1
  Eat: Bread ration      |       |     1 |     1 ||     2
       Pizza             |       |     1 |       ||     1
       Fruit             |       |       |     1 ||     1
